 Dungeon Crawl Stone Soup version 0.22-a0-247-gbddf880 (webtiles) character file.

3787 Atlas the Thaumaturge (level 9, -6/64 HPs)
             Began as a Mummy Necromancer on Feb 27, 2018.
             Was a Follower of Sif Muna.
             Mangled by an orc warrior
             ... wielding a +0 war axe
              (23 damage)
             ... on level 7 of the Dungeon on Feb 28, 2018.
             The game lasted 00:17:42 (12004 turns).

Atlas the Thaumaturge (Mummy Necromancer)          Turns: 12004, Time: 00:17:43

Health: -6/64      AC:  5    Str: 11    XL:     9   Next: 95%
Magic:  15/22      EV: 13    Int: 17    God:    Sif Muna [*.....]
Gold:   513        SH:  0    Dex: 13    Spells: 22/27 levels left

rFire    x . .     SeeInvis .   n - +0 spear (venom)
rCold    + . .     Gourm    .   (no shield)
rNeg     + + +     Faith    .   u - +0 steam dragon scales
rPois    ∞         Spirit   .   (no helmet)
rElec    .         Reflect  .   (no cloak)
rCorr    .         Harm     .   (no gloves)
MR       +....                  (no boots)
Stlth    +++.......             (no amulet)
HPRegen  0.20/turn              l - ring of wizardry
MPRegen  0.18/turn              m - ring of stealth

@: no status effects
A: no food or potions, fire vulnerability, cold resistance 1, negative energy
resistance 3, torment resistance, unbreathing
a: Divine Energy, Renounce Religion


You were on level 7 of the Dungeon.
You worshipped Sif Muna.
Sif Muna was aware of your devotion.
You were not hungry.

You visited 2 branches of the dungeon, and saw 9 of its levels.

You collected 513 gold pieces.

Inventory:

Hand Weapons
 n - a +0 spear of venom (weapon)
Missiles
 o - 2 throwing nets (quivered)
Armour
 e - a +0 leather armour
 u - +0 steam dragon scales (worn)
Jewellery
 l - a ring of wizardry (left hand)
 m - a ring of stealth (right hand)
Wands
 d - a wand of disintegration (5)
 i - a wand of acid (1)
 k - a wand of polymorph (11)
 s - a wand of digging (6)
Scrolls
 a - 3 scrolls of noise
 b - 2 scrolls of amnesia
 c - 7 scrolls of remove curse
 f - 4 scrolls of blinking
 g - 2 scrolls of magic mapping
 h - a scroll of immolation
 j - 5 scrolls of teleportation
 p - a scroll of enchant weapon {unknown}
 q - a scroll of silence {unknown}
 r - a scroll of enchant armour {unknown}
 t - a scroll of identify


   Skills:
 + Level 3.6 Fighting
 + Level 3.7 Polearms
 + Level 3.9 Armour
 + Level 3.7 Dodging
 - Level 1.6 Stealth
 + Level 1.5 Unarmed Combat
 + Level 9.8 Spellcasting
 + Level 8.6 Necromancy
 + Level 0.3 Evocations


You had 22 spell levels left.
You knew the following spells:

 Your Spells              Type           Power        Failure   Level  Hunger
a - Pain                  Necr           ####         1%          1    N/A
b - Animate Skeleton      Necr           N/A          1%          1    N/A
c - Vampiric Draining     Necr           #####.....   1%          3    N/A

Dungeon Overview and Level Annotations

Branches:
Dungeon (8/15)             Temple (1/1) D:7
   Lair: D:8-11

Altars:
Dithmenos
Hepliaklqana
Nemelex Xobeh
Qazlal
Ru
Sif Muna
Uskayaw
Vehumet
Wu Jian
Xom
Yredelemnul
Zin
The Shining One

Shops:
D:4 }   D:5 %[

Annotations:
D:6 Eustachio


Innate Abilities, Weirdness & Mutations

You do not eat or drink.
Your flesh is vulnerable to fire.
You are immune to poison.
Your flesh is cold resistant. (rC+)
You are immune to negative energy. (rN+++)
You are immune to unholy pain and torment.
You can survive without breathing.


Message History

You are too injured to fight recklessly!
Casting: Pain (safe; 1% risk of failure)
Confirm with . or Enter, or press ? or * to list all spells.
Aiming: Vampiric Draining (safe; 1% risk of failure)
Press: ? - help, Shift-Dir - straight line, f - orc warrior
Aim: an orc warrior, wielding a war axe and wearing a plate armour (lightly wounded)
The orc warrior is moderately wounded.
You feel life coursing into your body.
The orc warrior hits you with a war axe!!
* * * LOW HITPOINT WARNING * * *
The orc misses you.
Casting: Vampiric Draining (safe; 1% risk of failure)
Confirm with . or Enter, or press ? or * to list all spells.
Aiming: Vampiric Draining (safe; 1% risk of failure)
Press: ? - help, Shift-Dir - straight line, f/p - orc warrior
Aim: an orc warrior, wielding a war axe and wearing a plate armour (moderately wounded)
The orc warrior is almost dead.
You feel life coursing into your body.
The orc warrior hits you with a war axe!!
You die...

....#.................#####)#
............................#
##............#.#######..####
#.##########...# #.## #.#
##.## #.# #.# #.########.#
#.# #..........# #.#
##.####.#### #.# #o@.......#
#.# ##.o..#.##.##### #.#
#...#.#.##.....# #.#
##.#.#.#.######.##### #.#
#..#.###.# #.#.... #.#
##.##.....# #.#.##. #.#
#..######## #.#.##. #.# ##.##
#.#.... #.# #..# #.#..##


You could see an orc warrior and an orc.

Vanquished Creatures
  Pikel (D:4)
  A troll (D:8)
  Sigmund (D:2)
  A hungry ghost (D:7)
  A steam dragon (D:8)
  2 ice beasts
  The ghost of belenar the Skirmisher, an amateur MiFi (D:3)
  A black bear (D:6)
  A necrophage (D:7)
  4 ogres
  A phantom (D:6)
  A centaur (D:7)
  Blork the orc (D:6)
  A scorpion (D:4)
  4 killer bees (D:8)
  A howler monkey (D:4)
  2 crimson imps
  2 hounds (D:7)
  A jelly (D:6)
  A centaur skeleton (D:4)
  4 gnoll shamans (D:4)
  An orc priest (D:8)
  Jessica (D:2)
  11 orc wizards
  4 iguanas
  3 worker ants
  A hound zombie (D:3)
  2 worker ant zombies
  36 gnolls
  8 adders
  A shadow imp (D:6)
  2 oozes
  An adder zombie (D:5)
  4 worms
  2 dart slugs (D:1)
  4 leopard geckos
  14 orcs
  7 giant cockroaches
  16 goblins
  11 hobgoblins
  17 jackals
  4 kobolds
  6 quokkas
  7 bats
  5 frilled lizards
  2 gnoll zombies (D:2)
  A leopard gecko skeleton (D:4)
  A quokka zombie (D:5)
  7 rats
212 creatures vanquished.

Vanquished Creatures (others)
  3 slaves (D:5)
  A rat (D:3)
4 creatures vanquished.

Grand Total: 216 creatures vanquished

Notes
Turn   | Place    | Note
-------+----------+-------------------------------------------
     0 | D:1      | Atlas the Mummy Necromancer began the quest for the Orb.
     0 | D:1      | Reached XP level 1. HP: 13/13 MP: 4/4
   175 | D:1      | Reached XP level 2. HP: 13/19 MP: 0/5
   491 | D:1      | Reached skill level 3 in Spellcasting
  1320 | D:1      | Reached XP level 3. HP: 24/24 MP: 4/7
  1323 | D:1      | Learned a level 1 spell: Animate Skeleton
  1327 | D:1      | Learned a level 3 spell: Vampiric Draining
  1835 | D:2      | Found a glowing golden altar of the Shining One.
  1924 | D:2      | Reached skill level 5 in Necromancy
  2131 | D:2      | Reached XP level 4. HP: 30/30 MP: 6/9
  2253 | D:2      | Noticed Jessica
  2260 | D:2      | Killed Jessica
  2260 | D:2      | Reached skill level 4 in Spellcasting
  2654 | D:2      | Found a basalt altar of Yredelemnul.
  3112 | D:3      | Found a radiant altar of Vehumet.
  3170 | D:3      | Reached XP level 5. HP: 15/35 MP: 11/11
  3482 | D:3      | Noticed belenar's ghost (amateur MiFi)
  3515 | D:2      | Noticed Sigmund
  3517 | D:2      | Killed Sigmund
  3517 | D:2      | Reached skill level 1 in Armour
  3517 | D:2      | Reached skill level 5 in Spellcasting
  3517 | D:2      | Reached XP level 6. HP: 31/42 MP: 11/13
  3571 | D:3      | Killed belenar's ghost
  3571 | D:3      | Reached skill level 1 in Unarmed Combat
  4194 | D:4      | Reached skill level 6 in Spellcasting
  4194 | D:4      | Reached XP level 7. HP: 39/47 MP: 3/16
  5393 | D:4      | Reached skill level 1 in Fighting
  5705 | D:4      | Reached skill level 1 in Polearms
  5705 | D:4      | Reached XP level 8. HP: 16/54 MP: 11/18
  5708 | D:4      | Reached skill level 7 in Spellcasting
  6872 | D:4      | Found Kiuph's Gadget Emporium.
  7036 | D:5      | Entered Level 5 of the Dungeon
  7037 | D:5      | Noticed Pikel
  7051 | D:4      | Killed Pikel
  7051 | D:4      | Reached skill level 8 in Spellcasting
  7063 | D:5      | Found Usahoweo's Antique Armour Shop.
  7129 | D:5      | Found Omuarhyhe's Food Shoppe.
  7590 | D:5      | Reached XP level 9. HP: 61/61 MP: 21/21
  8295 | D:6      | Found a hide-covered altar of Uskayaw.
  8475 | D:6      | Noticed Eustachio
  8881 | D:6      | Found a hide-covered altar of Uskayaw.
  9212 | D:6      | Noticed Blork the orc
  9230 | D:6      | Killed Blork the orc
  9848 | D:7      | Found a staircase to the Ecumenical Temple.
  9871 | Temple   | Entered the Ecumenical Temple
  9891 | Temple   | Became a worshipper of Sif Muna the Loreminder
 10166 | D:7      | Reached skill level 9 in Spellcasting
 10759 | D:7      | Found a sparkling altar of Nemelex Xobeh.
 10798 | D:7      | Found a glowing silver altar of Zin.
 11659 | D:8      | Noticed a troll
 11666 | D:8      | HP: 2/64 [troll (9)]
 11667 | D:8      | Killed a troll
 11990 | D:8      | Reached * piety under Sif Muna
 12004 | D:7      | Mangled by an orc warrior

Vault maps used:
D:1:      scummos_arrival_simple_fountains
D:2:      lemuel_zombie_altar_yredelemnul, tso_altar, uniq_sigmund, uniq_jessica
D:3:      fiery_altar_vehumet
D:4:      lemuel_castle_with_subvaults, first_ration, serial_shops, shop,
          minmay_ogre_servants
D:5:      serial_shops, shop, minmay_shop_grid_forest, minmay_misc_feat_tiny,
          nrook_mini_vaults, uniq_pikel
D:6:      eat_drink_and_be_merry_uskayaw, basic_altar, uniq_blork_the_orc,
          uniq_eustachio
D:7:      minmay_flawed_box, zin_treasury, old_standard_altar,
          minmay_temple_entry_nine_rooms
Temple:   eino_temple_scatter_basement

Skill      XL: |  1  2  3  4  5  6  7  8  9 |
---------------+----------------------------+-----
Spellcasting   | 3 4 5 6 8 9 |  9.8
Necromancy     | 5 6 7 8 |  8.6
Armour         | 1 2 3 |  3.9
Dodging        | 2 3 |  3.7
Unarmed Combat | 1 |  1.5
Fighting       | 1 2 3 |  3.6
Polearms       | 1 2 3 |  3.7
Stealth        | |  1.6
Evocations     | |  0.3

Action                   |  1- 3 |  4- 6 |  7- 9 || total
-------------------------+-------+-------+-------++-------
Melee: Unarmed           |    20 |    58 |    12 ||    90
       Spear             |       |       |   557 ||   557
       Punch             |       |       |     4 ||     4
 Cast: Pain              |    92 |    92 |    69 ||   253
       Vampiric Draining |       |     1 |    77 ||    78
Evoke: Wand              |       |     9 |     1 ||    10
  Use: Scroll            |       |       |     8 ||     8
 Stab: Sleeping          |       |       |    11 ||    11
       Distracted        |       |       |     3 ||     3
Armor: Robe              |     6 |       |       ||     6
       Leather armour    |     5 |    16 |    71 ||    92
       Steam dragon scal |       |       |     2 ||     2
Dodge: Dodged            |    37 |    53 |   326 ||   416

Table legend:
 A = Spawn XP
 B = Non-spawn XP
 C = Spawn XP percentage of total XP
 D = Spawn monster count
 E = Non-spawn monster count
 F = Spawn count percentage of total count
 G = Total turns spent on level
                    A         B        C        D         E        F      G
               +---------+---------+-------+---------+---------+-------+---------
         Total |       0 |    5410 |   0.0 |       0 |     212 |   0.0 | 12004
               +---------+---------+-------+---------+---------+-------+---------
           D:1 |       0 |      45 |   0.0 |       0 |      23 |   0.0 |  1479
           D:2 |       0 |     319 |   0.0 |       0 |      28 |   0.0 |  1408
           D:3 |       0 |     222 |   0.0 |       0 |      24 |   0.0 |  1441
           D:4 |       0 |    1962 |   0.0 |       0 |      80 |   0.0 |  2717
           D:5 |       0 |     303 |   0.0 |       0 |      10 |   0.0 |  1282
           D:6 |       0 |     652 |   0.0 |       0 |      13 |   0.0 |  1171
           D:7 |       0 |     998 |   0.0 |       0 |      24 |   0.0 |  1584
           D:8 |       0 |     909 |   0.0 |       0 |      10 |   0.0 |   884
               +---------+---------+-------+---------+---------+-------+---------
